 Dungeon Crawl Stone Soup version 0.29-a0-416-g83a48905f1 (webtiles) character file.

Game seed: 5814112028731571616

170 Bruhh the Insei (level 5, -1/40 HPs)
             Began as a Draconian Transmuter on May 16, 2022.
             Was a Believer of Lugonu.
             Killed by nerve-wracking pain
             ... invoked by Grinder
              (11 damage)
             ... on level 3 of the Dungeon.
             The game lasted 00:03:35 (2273 turns).

Bruhh the Insei (Draconian Transmuter)              Turns: 2273, Time: 00:03:36

Health: -1/40      AC:  2    Str: 12    XL:     5   Next: 25%
Magic:  5/8        EV: 19    Int: 15    God:    Lugonu [**....]
Gold:   97         SH:  0    Dex: 17    Spells: 4/8 levels left

rFire   . . .      SeeInvis .     - Unarmed
rCold   . . .      Faith    .   (shield currently unavailable)
rNeg    . . .      Spirit   .   (body armour unavailable)
rPois   x          Reflect  .   (helmet currently unavailable)
rElec   .          Harm     .   (cloak currently unavailable)
rCorr   .          Rampage  .   (gloves currently unavailable)
Will    +....                   (boots currently unavailable)
Stlth   ++........              (no amulet)
HPRegen 0.13/turn               e - ring of willpower
MPRegen 0.11/turn               (no ring)

@: spider-form (expiring)
A: venomous fangs, AC +5, tiny, unfitting armour, (cold-blooded)
a: End Transformation, Renounce Religion, Depart the Abyss, Bend Space


You were on level 3 of the Dungeon.
You worshipped Lugonu.
Lugonu was pleased with you.
You were a venomous arachnid creature.
You visited 1 branch of the dungeon, and saw 3 of its levels.

You collected 97 gold pieces.

Inventory:

Armour
 c - a +1 pair of gloves (melded)
 j - a +0 cloak (melded)
Jewellery
 e - a ring of willpower (left front leg)
 m - an amulet of regeneration
Scrolls
 b - 2 scrolls of identify {unknown}
 i - a scroll of amnesia {unknown}
 k - a scroll of enchant weapon {unknown}
 l - 2 scrolls of teleportation {unknown}
 n - a scroll of torment {unknown}
 o - a scroll of vulnerability {unknown}
Potions
 a - a potion of lignification
 d - 2 potions of heal wounds {unknown}
 f - a potion of invisibility {unknown}
 g - a potion of cancellation {unknown}
 h - a potion of degeneration {unknown}


   Skills:
 - Level 1.1 Fighting
 - Level 1.7 Dodging
 + Level 4.8 Unarmed Combat
 - Level 2.0 Spellcasting
 - Level 4.0 Transmutations


You had 4 spell levels left.
You knew the following spells:

 Your Spells              Type           Power      Damage    Failure   Level
a - Beastly Appendage     Tmut           26%        N/A       13%         1
b - Spider Form           Tmut/Pois      7%         N/A       50%         3

Your spell library contained the following spells:

 Spells                   Type           Power      Damage    Failure   Level
 Wereblood                Tmut           13%        N/A       17%         2
 Call Canine Familiar     Summ           1%         N/A       75%         3
 Portal Projectile        Hex/Tloc       2%         N/A       75%         3
 Ice Form                 Ice/Tmut       7%         N/A       85%         4
 Leda's Liquefaction      Hex/Erth       0%         N/A       98%         4


Dungeon Overview and Level Annotations

Branches:
Dungeon (3/15)

Altars:
Lugonu

Annotations:
D:3 Grinder


Innate Abilities, Weirdness & Mutations

You are a venomous arachnid creature.
You have poisonous fangs.
You are tiny and dextrous.
Your spellcasting is less reliable in this form.
Your armour is entirely melded.
You are incapable of wielding weapons or throwing items.
((Your plain brown scales are hard. (AC +5)))
You cannot fit into any form of body armour.
((You are cold-blooded and may be slowed by cold attacks.))


Message History

Casting: Beastly Appendage (safe; 4% risk of failure)
Confirm with . or Enter, or press ? or * to list all spells.
The spell is quite dangerous to miscast (28% risk of failure)!
Continue anyway?
Your horns disappear.
Your talons disappear.
You turn into a venomous arachnid creature.
Your +0 cloak melds into your body.
Your +1 pair of gloves melds into your body.
You feel sick.
Grinder blinks!
Unknown command.
You feel sick.
You hit Grinder but do no damage.
You feel sick. Grinder hits you.
You hit Grinder.
Grinder is lightly wounded.
You feel sick. Grinder misses you.
You hit Grinder.
Grinder is lightly wounded.
You feel sick. Grinder hits you.
You writhe in agony.
You are too injured to fight recklessly!
You are too injured to fight recklessly!
You hit Grinder.
Grinder is moderately wounded.
You feel sick.
You are no longer poisoned.
Grinder closely misses you.
You bite Grinder!
Grinder is poisoned.
Grinder is heavily wounded.
Grinder barely misses you.
You hit Grinder.
Grinder is heavily wounded.
Your transformation is almost over.
Grinder says, "You look like you could use a good racking."
Grinder hits you.
* * * LOW HITPOINT WARNING * * *
You bite Grinder!
Grinder looks as sick as possible!
Grinder is severely wounded.
You hit Grinder.
Grinder is severely wounded.
Grinder gestures at you. Pain shoots through your body!
You die...

####
###.P.#.#
##......#
#..s5.P#
#.)#..##
#.##### #.#
#.#
#.#########
#..........
###........#
#........#


You could see Grinder (extremely poisoned).

Vanquished Creatures
  Jessica (D:3)
  Natasha (thrice) (D:2)
  A worm (D:2)
  2 dart slugs (D:1)
  4 endoplasms (D:1)
  3 giant cockroaches
  5 goblins
  6 hobgoblins
  4 kobolds
  4 quokkas
  8 ball pythons
  8 bats
  5 frilled lizards (D:1)
  6 rats
60 creatures vanquished.

Notes
Turn   | Place    | Note
-------+----------+-------------------------------------------
     0 | D:1      | Bruhh the Draconian Transmuter began the quest for the Orb.
     0 | D:1      | Reached XP level 1. HP: 16/16 MP: 3/3
   107 | D:1      | Reached XP level 2. HP: 20/23 MP: 3/5
   408 | D:1      | Found a faded altar of an unknown god.
   468 | D:1      | Prayed at the altar of an unknown god.
   468 | D:1      | Became a worshipper of Lugonu the Unformed
   468 | D:1      | Reached * piety under Lugonu
   468 | D:1      | Reached ** piety under Lugonu
   667 | D:1      | Reached XP level 3. HP: 28/28 MP: 4/6
   824 | D:1      | Learned a level 3 spell: Spider Form
  1167 | D:2      | Noticed Natasha
  1177 | D:2      | Killed Natasha
  1178 | D:2      | Reached XP level 4. HP: 35/35 MP: 2/7
  1265 | D:2      | Noticed Natasha
  1286 | D:2      | Killed Natasha
  1839 | D:2      | Noticed Natasha
  1847 | D:2      | Killed Natasha
  1848 | D:2      | Reached XP level 5. HP: 29/40 MP: 6/8
  2255 | D:3      | Noticed Grinder
  2255 | D:3      | Noticed Jessica
  2262 | D:3      | Killed Jessica
  2273 | D:3      | Killed from afar by Grinder

Illustrated notes

Levels and vault maps discovered:
D:1:      dpeg_arrival_line_fractal, layout_rooms,
          dilly_ecumenical_altar_fadedgnrine, minmay_misc_feat_roman,
          minmay_shallow_snake_nest
D:2:      layout_loops_cross, uniq_natasha
D:3:      wander_river, layout_basic, serial_forest,
          infiniplex_forest_clump_double, infiniplex_forest_lined_room_3,
          infiniplex_forest_zigzag_1, infiniplex_forest_straight_2,
          infiniplex_forest_end_3, infiniplex_forest_lined_ring,
          infiniplex_forest_corner_1, infiniplex_forest_corner_2, uniq_terence,
          uniq_crazy_yiuf_cottage, uniq_grinder, uniq_ijyb, uniq_jessica

Skill      XL: |  1  2  3  4  5 |
---------------+----------------+-----
Transmutations | 3 4 |  4.0
Unarmed Combat | 4 |  4.8
Fighting       | |  1.1
Dodging        | |  1.7
Spellcasting   | |  2.0

Action                   |  1- 3 |  4- 6 || total
-------------------------+-------+-------++-------
Melee: Unarmed           |    89 |    68 ||   157
       Kick              |    14 |    10 ||    24
       Headbutt          |     8 |     4 ||    12
       Tailslap          |     3 |     8 ||    11
       Punch             |       |     1 ||     1
 Cast: Beastly Appendage |    31 |    14 ||    45
       Spider Form       |     1 |     2 ||     3
 Stab: Sleeping          |     1 |       ||     1
Armor: Skin              |    34 |    18 ||    52
Dodge: Dodged            |    71 |    46 ||   117

Table legend: (Time is in decaauts)
 A = Elapsed time spent in this place.
 B = Non-inter-level travel time spent in this place.
 C = Inter-level travel time spent in this place.
 D = Time resting spent in this place.
 E = Time spent auto-exploring this place.
 F = Levels seen in this place.
 G = Mean time per level.
                   A        B        C        D        E       F      G
               +--------+--------+--------+--------+--------+-----+--------+
         Total |   2268 |   2181 |     87 |      0 |   1726 |   3 |  756.0 |
       Dungeon |   2268 |   2181 |     87 |      0 |   1726 |   3 |  756.0 |
               +--------+--------+--------+--------+--------+-----+--------+

Top non-repeatable levels by time:
     D:2: 1155 daAuts
     D:1: 821 daAuts
     D:3: 291 daAuts
